AoeStats
← yduggal

Arena

507081952Analyzed
4v4 RM · 15d ago on Sep 16, 2026· 34m 34s· 8 players
Game mode
Random Map
Map size
Large (8 player)
Population
200
Speed
Normal
Resources
Standard
Victory
Conquest
Starting age
Dark Age
Ending age
Imperial Age
RankedLock teamsTeams togetherTeam positionsShared explorationLock speedFull tech treeHidden civsTurbo modeCheats
Victory
Defeat
🇺🇸 Poles · United States
1575
+12
🇸🇬 Muisca · Singapore
1478
+16
1413
+19
🇨🇳 Portuguese · China
1372
+21
🇨🇳 Byzantines · China
1544
-19
1470
-17
🇨🇳 Ethiopians · China
1456
-16
🇵🇱 Mongols · Poland
1450
-16
帝国孙笑川
9:43 Feudal Age
13:13 Castle Age
11:06 Double-Bit Axe
11:49 Horse Collar
14:57 Bow Saw
20:39 Gold Mining
22:03 Wheelbarrow
21:14 Loom
24:08 Gold Shaft Mining
24:59 Hand Cart
28:43 Imperial Age
26:08 Town Watch
26:19 Fletching
26:30 Scale Mail Armor
27:16 Squires
31:48 Halberdier
33:25 Chain Mail Armor
Dawidowww
10:58 Feudal Age
11:42 Double-Bit Axe
14:42 Castle Age
12:52 Horse Collar
15:33 Heavy Plow
17:21 Wheelbarrow
22:45 Fletching
27:28 Imperial Age
25:43 Padded Archer Armor
26:26 Loom
27:04 Bodkin Arrow
27:59 Ballistics
28:15 Bracer
30:03 Chemistry
31:23 Leather Archer Armor
31:21 Bloodlines
34:19 Conscription
34:00 Elite Mangudai
灯窝森曾瑞卜药方松滴
7:18 Loom
7:27 Loom
11:02 Feudal Age
13:12 Forging
13:07 Scale Barding Armor
13:13 Forging
13:08 Scale Barding Armor
17:43 Double-Bit Axe
17:41 Horse Collar
26:38 Castle Age
26:29 Gold Mining
28:20 Iron Casting
31:07 Bow Saw
31:34 Wheelbarrow
31:45 Heavy Plow
32:08 Bloodlines
Yuzu
14:48 Feudal Age
15:45 Double-Bit Axe
15:42 Horse Collar
15:56 Gold Mining
18:41 Castle Age
18:26 Loom
anirone7589
10:13 Feudal Age
13:46 Castle Age
11:59 Double-Bit Axe
13:14 Gold Mining
13:48 Town Watch
17:29 Sanctity
19:43 Redemption
23:45 Bow Saw
23:17 Horse Collar
25:28 Heavy Plow
30:35 Wheelbarrow
31:58 Loom
32:29 Hand Cart
32:38 Stone Mining
33:23 Gold Shaft Mining
36:26 Imperial Age
34:27 Squires
33:47 Champi Runner
35:04 Forging
34:54 Scale Mail Armor
如风吹落叶般四散奔逃
10:54 Feudal Age
14:32 Castle Age
12:29 Double-Bit Axe
16:00 Bow Saw
18:33 Loom
24:10 Wheelbarrow
30:38 Imperial Age
28:49 Hand Cart
29:45 Scale Barding Armor
29:52 Forging
29:31 Town Watch
30:22 Husbandry
30:45 Chain Barding Armor
31:38 Iron Casting
30:44 Cavalier
32:29 Plate Barding Armor
32:01 Gold Mining
32:04 Stone Mining
33:36 Gold Shaft Mining
34:03 Blast Furnace
34:03 Town Patrol
三十六方
10:36 Feudal Age
15:01 Castle Age
13:11 Double-Bit Axe
15:24 Loom
31:34 Gold Mining
31:57 Bow Saw
33:18 Wheelbarrow
33:08 Fletching
yduggal
11:45 Feudal Age
12:53 Horse Collar
15:40 Castle Age
13:34 Double-Bit Axe
16:35 Heavy Plow
21:37 Szlachta Privileges
22:38 Bloodlines
23:28 Scale Barding Armor
25:51 Chain Barding Armor
26:29 Forging
27:57 Iron Casting
27:48 Gold Mining
32:49 Loom
Connection lost

Rejoining the realm…

Still unreachable

The connection could not be restored.

Session expired

The server has moved on; the page needs a fresh start.